 Dungeon Crawl Stone Soup version 0.20-a0-1116-gaa52201 (webtiles) character file.

85 Leszczynek the Ruffian (level 4, 0/28 HPs)
             Began as an Octopode Wanderer on May 7, 2017.
             Slain by Natasha (2 damage)
             ... on level 2 of the Dungeon.
             The game lasted 00:08:13 (1126 turns).

Leszczynek the Ruffian (Octopode Wanderer)          Turns: 1126, Time: 00:08:14

Health: 0/28       AC:  1    Str: 12    XL:     4   Next: 48%
Magic:  7/7        EV: 12    Int: 14    God:
Gold:   118        SH:  0    Dex: 11    Spells: 3/7 levels left

rFire    . . .     SeeInvis .   a - +2 dagger
rCold    . . .     Gourm    .   (no shield)
rNeg     . . .     Faith    .   (helmet restricted)
rPois    .         Spirit   .   (no amulet)
rElec    .         Reflect  .   (no ring)
rCorr    .         Harm     .   (no ring)
MR       .....                  (no ring)
Stlth    +++.......             (no ring)
Regen    0.1/turn               (no ring)
MPRegen  0.1/turn               (no ring)
                                (no ring)
                                (no ring)

@: hasted and slowed
A: almost no armour, stealthy swim, amphibious, 8 rings, constrict 8, camouflage
1, gelatinous body 1
a: no special abilities


You were on level 2 of the Dungeon.
You were not hungry.

You visited 1 branch of the dungeon, and saw 2 of its levels.

You collected 118 gold pieces.

Inventory:

Hand Weapons
 a - a +2 dagger (weapon)
Jewellery
 k - an uncursed ring of ice
Scrolls
 f - 2 scrolls of magic mapping
Potions
 h - a potion of haste
Comestibles
 c - a meat ration
 d - a bread ration
 g - 6 chunks of flesh


   Skills:
 - Level 1.0 Fighting
 - Level 2.6 Stealth
   Level 1.0 Shields
 + Level 4.1 Unarmed Combat
 - Level 2.0 Spellcasting
   Level 3.0 Ice Magic


You had 3 spell levels left.
You knew the following spells:

 Your Spells              Type           Power        Failure   Level  Hunger
a - Sting                 Conj/Pois      #...         24%         1    ##.....
b - Mephitic Cloud        Conj/Pois/Air  #.......     56%         3    ####...


Dungeon Overview and Level Annotations

Branches:
Dungeon (2/15)

Altars:
Uskayaw

Annotations:
D:2 Natasha


Innate Abilities, Weirdness & Mutations

You cannot wear most types of armour.
You are very stealthy in the water. (Stealth+)
You are amphibious.
You can wear up to eight rings at the same time.
You can use your tentacles to constrict eight enemies at once.
Your skin changes colour to match your surroundings (Stealth+).
Your rubbery body absorbs attacks. (AC +1, EV +1)


Message History

As you read the scroll labeled KOIRIE JILU, it crumbles to dust.
It is a scroll of recharging.
You aren't carrying any rechargeable items.
Natasha claws you!
* * * LOW HITPOINT WARNING * * *
As you read the scroll labeled XEOF ORCHUTZIO, it crumbles to dust.
The scroll dissolves into smoke.
It was a scroll of fog.
Natasha casts a spell at you.
You feel as though you will be slow longer.
As you read the scroll labeled BETAFO QAEZXI, it crumbles to dust.
It is a scroll of identify.
You don't have any unidentified items.
Natasha barely misses you.
You barely miss Natasha. Your grab misses Natasha. Natasha claws you.
* * * LOW HITPOINT WARNING * * *
Some of the chunks of flesh in your inventory have rotted away.
You closely miss Natasha. Your grab misses Natasha. You squeeze Natasha.
Natasha is lightly wounded.
Natasha claws you.
You die...

##..[.......##.
#............#.
############..............
#.........##..........>..#
#.........#*#†.........#.*
#.........####...#....##.*
#......§§§§..............,
#....[.§§h#####..#.###...,
#......§§@# ##.###**,*,*
#######§### ##...##,,.#,*
#..#####.....##...,*
##...(#.......#.#***
###......_......,,,
####.#.......#.##**
##....##.....##..###
#..######...##.#.... #.##
##.##.....##


You could see Natasha.

Vanquished Creatures
  Natasha (D:2)
  An ooze (D:2)
  A leopard gecko (D:1)
  4 bats
  3 giant cockroaches
  3 goblins (D:1)
  7 hobgoblins
  10 jackals
  7 kobolds
  A ball python (D:2)
  4 frilled lizards
  8 rats
50 creatures vanquished.

Notes
Turn   | Place    | Note
-------+----------+-------------------------------------------
     0 | D:1      | Leszczynek the Octopode Wanderer began the quest for the Orb.
     0 | D:1      | Leszczynek set off with: a +2 dagger, a potion of berserk rage {!q}, Suott's Incunabulum of Toxins, a bread ration, Kikubaaqudgha's Grimoire of Stolen Souls
     0 | D:1      | Reached XP level 1. HP: 13/13 MP: 3/3
     0 | D:1      | 12/14/10 (5/4/3)
     0 | D:1      | Identified Suott's Incunabulum of Toxins
     0 | D:1      | Identified Kikubaaqudgha's Grimoire of Stolen Souls
     0 | D:1      | double randart spellbook start
     0 | D:1      | with no xp in relevant magic schools
    13 | D:1      | Learned a level 1 spell: Sting
   154 | D:1      | Reached skill level 2 in Unarmed Combat
   154 | D:1      | Reached XP level 2. HP: 18/18 MP: 0/5
   450 | D:1      | Reached XP level 3. HP: 17/23 MP: 2/6
   647 | D:1      | Reached skill level 3 in Unarmed Combat
   917 | D:2      | Learned a level 3 spell: Mephitic Cloud
   987 | D:2      | Found a hide-covered altar of Uskayaw.
   989 | D:2      | Noticed Natasha
  1004 | D:2      | Reached XP level 4. HP: 26/28 MP: 4/7
  1098 | D:2      | Killed Natasha
  1098 | D:2      | Reached skill level 4 in Unarmed Combat
  1117 | D:2      | Noticed Natasha
  1118 | D:2      | HP: 5/28 [Natasha/magic dart (8)]
  1122 | D:2      | HP: 2/28 [Natasha (7)]
  1126 | D:2      | Slain by Natasha

Vault maps used:
D:1:      dpeg_arrival_tiny_b, nrook_loot_triangle
D:2:      lemuel_round_altar, kennysheep_generic_room_12, uniq_natasha,
          uniq_sigmund

Skill      XL: |  1  2  3  4 |
---------------+-------------+-----
Unarmed Combat | 2 3 4 |  4.1
Fighting       | |  1.0
Stealth        | |  2.6
Shields        | |  1.0
Spellcasting   | |  2.0
Ice Magic      | |  3.0

Action                   |  1- 3 |  4- 6 || total
-------------------------+-------+-------++-------
Melee: Dagger            |    71 |     9 ||    80
       Constrict         |    15 |     1 ||    16
       Tentacles         |     6 |     1 ||     7
       Punch             |     3 |       ||     3
 Cast: Sting             |    52 |     3 ||    55
  Use: Scroll            |       |     4 ||     4
       Potion            |       |     3 ||     3
 Stab: Sleeping          |     3 |     1 ||     4
  Eat: Chunk             |     2 |       ||     2
Armor: Skin              |     7 |       ||     7
Dodge: Dodged            |    38 |     4 ||    42
